 Dungeon Crawl Stone Soup version 0.30.0-29-ga12c61a403 (webtiles) character file.

Game seed: 13347729284283375663

1090 jurchenman the Magician (level 8, -10/41 HPs)
             Began as a Deep Elf Fire Elementalist on June 12, 2023.
             Mangled by an orc warrior
             ... wielding a +0 long sword
              (13 damage)
             ... on level 5 of the Dungeon.
             The game lasted 00:17:35 (5224 turns).

jurchenman the Magician (DEFE)                      Turns: 5224, Time: 00:17:35

Health: -10/41     AC:  6    Str:  8    XL:     8   Next: 9%
Magic:  3/20       EV: 13    Int: 23    God:
Gold:   150        SH:  0    Dex: 20    Spells: 15/21 levels left

rFire   x . .        l - +3 dagger (venom)
rCold   + . .        (no shield)
rNeg    . . .        a - +0 robe
rPois   .            q - +1 helmet
rElec   .            v - +0 cloak
rCorr   .            x - +0 pair of fencer's gloves {Riposte Dex+3}
SInv    .            (no boots)
Will    .....        (no amulet)
Stlth   +++          d - ring "Ojex" {Ice Str+3 Dex+2 Stlth+}
HPRegen 0.26/turn    (no ring)
MPRegen 0.17/turn

%: no passive effects
@: no status effects
A: no striking features
a: no special abilities


You were on level 5 of the Dungeon.
You visited 1 branch of the dungeon, and saw 6 of its levels.

You collected 150 gold pieces.

Inventory:

Hand Weapons
 l - a +3 dagger of venom (weapon)
 u - the +9 hammer "Dauteres" {heavy, Str+3}
   (You found it on level 4 of the Dungeon)

   Str:       It affects your strength (+3).
Missiles
 f - 3 throwing nets
 g - 64 stones
 p - 11 poisoned darts
Armour
 a - a +0 robe (worn)
 b - a +1 leather armour of poison resistance
 n - a +0 leather armour of cold resistance
 q - a +1 helmet (worn)
 v - a +0 cloak (worn)
 x - the +0 pair of fencer's gloves (worn) {Riposte Dex+3}
   (You found it on level 5 of the Dungeon)

   Riposte:   It allows the wearer to riposte with melee weapons, swiftly
   retaliating against missed or blocked melee attacks.
   Dex:       It affects your dexterity (+3).
Magical Staves
 m - a staff of death
Jewellery
 d - the ring "Ojex" (left hand) {Ice Str+3 Dex+2 Stlth+}
   (You found it on level 3 of the Dungeon)

   [ring of ice]

   It enhances your ice magic.
   Str:       It affects your strength (+3).
   Dex:       It affects your dexterity (+2).
   rF:        It makes you vulnerable to fire.
   rC:        It protects you from cold.
   Stlth:     It makes you more stealthy.
Wands
 o - a wand of polymorph (1)
Scrolls
 c - 5 scrolls of teleportation
 s - a scroll of amnesia
Potions
 e - 2 potions of flight {unknown}
 h - a potion of mutation {unknown}
 i - a potion of attraction {unknown}
 j - 4 potions of curing
 k - 2 potions of might
 r - a potion of heal wounds {unknown}
 t - a potion of ambrosia {unknown}


   Skills:
 + Level 2.0 Armour
 - Level 2.4 Dodging
 - Level 2.4 Stealth
 + Level 7.0 Spellcasting
 + Level 5.3 Conjurations
 - Level 4.2 Hexes
 + Level 6.2 Fire Magic


You had 15 spell levels left.
You knew the following spells:

 Your Spells              Type           Power      Damage    Failure   Level
a - Foxfire               Conj/Fire      100%       2x1d9     1%          1
b - Scorch                Fire           72%        2d8       1%          2
c - Inner Flame           Hex/Fire       32%        N/A       2%          3

Your spell library contained the following spells:

 Spells                   Type           Power      Damage    Failure   Level
 Shock                    Conj/Air       80%        1d8       2%          1
 Volatile Blastmotes      Fire/Tloc      44%        2d13      6%          3
 Flame Wave               Conj/Fire      34%        2d10      7%          4
 Sublimation of Blood     Necr           8%         N/A       12%         2
 Wereblood                Tmut           8%         N/A       12%         2
 Gell's Gravitas          Tloc           8%         N/A       22%         3
 Swiftness                Air            8%         N/A       22%         3
 Teleport Other           Tloc           8%         N/A       22%         3
 Airstrike                Air            4%         2d(1-17)  58%         4
 Conjure Ball Lightning   Conj/Air       10%        3x3d6     99%         6
 Dispersal                Tloc           4%         N/A       100%        6
 Summon Hydra             Summ           4%         N/A       100%        7
 Discord                  Hex            13%        N/A       100%        8
 Disjunction              Tloc           4%         N/A       100%        8


Dungeon Overview and Level Annotations

Branches:
Dungeon (6/15)
 Temple: D:4-7

Altars:
Cheibriados

Shops:
D:3 :


Message History

You conjure some foxfire!
The orc warrior closely misses you.
You riposte.
You hit the orc warrior but do no damage.
The orc warrior is poisoned.
The orc warrior is moderately wounded.
The foxfire hits the orc.
The orc is moderately wounded.
Unknown command.
The orc warrior is no longer more vulnerable to fire.
The foxfire hits the orc warrior but does no damage.
The orc warrior is moderately wounded.
The orc warrior is engulfed in a cloud of scalding steam.
There is a stone staircase leading up here.
The hound is engulfed in a cloud of scalding steam.
The orc warrior hits you with a +0 long sword.
You climb upwards.
There is a stone staircase leading down here.
Casting: Foxfire (safe; 1% risk of failure)
Confirm with . or Enter, or press ? or * to list all spells.
Flames lash the orc warrior.
The orc warrior is severely wounded.
The orc warrior's fire resistance burns away.
The orc warrior hits you with a +0 long sword!
Casting: Scorch (safe; 1% risk of failure)
Confirm with . or Enter, or press ? or * to list all spells.
Flames lash the orc warrior but do no damage.
The orc warrior hits you with a +0 long sword!
* * * LOW HITPOINT WARNING * * *
Casting: Scorch (safe; 1% risk of failure)
Confirm with . or Enter, or press ? or * to list all spells.
Flames lash the orc warrior but do no damage.
The orc warrior completely misses you.
You feel better.
The orc warrior is no longer more vulnerable to fire.
The orc warrior hits you with a +0 long sword!
* * * LOW HITPOINT WARNING * * *
Casting: Scorch (safe; 1% risk of failure)
Confirm with . or Enter, or press ? or * to list all spells.
Flames lash the orc warrior but do no damage.
The orc warrior hits you with a +0 long sword!
You die...

#.§§§§§§§......# #.#....
####§..........###.#....
###..................
#..........#..##...
#..................
#........<#......##
#######............##.##
#.......o.............###
#.......@........##.####.
#................##..###.
#....[)........####......
#...................#....
#........#.#..####..#####
#....).....#.###...######
########.......###.#.......
#.....#.....#....#.##......
#.....#...#...##...#######.


You could see an orc warrior (very poisoned).

Vanquished Creatures
  A wyvern (D:5)
  7 scorpions
  A gnoll sergeant (D:5)
  Crazy Yiuf (D:4)
  2 hounds
  A jelly (D:4)
  Terence (D:2)
  Ijyb (D:3)
  2 iguanas (D:5)
  2 orc wizards
  Robin (D:2)
  5 adders
  7 gnolls
  A white imp (D:5)
  A dart slug (D:1)
  2 orcs (D:5)
  3 ball pythons (D:3)
  4 endoplasms
  2 giant cockroaches (D:1)
  10 goblins
  8 hobgoblins
  4 jackals (D:2)
  7 quokkas
  4 bats
  3 frilled lizards
  2 kobolds
  7 rats
90 creatures vanquished.

Vanquished Creatures (others)
  205 foxfires
205 creatures vanquished.

Grand Total: 295 creatures vanquished

Notes
Turn   | Place    | Note
-------+----------+-------------------------------------------
     0 | D:1      | jurchenman the Deep Elf Fire Elementalist began the quest
                  | for the Orb.
     0 | D:1      | Reached XP level 1. HP: 10/10 MP: 6/6
   218 | D:1      | Reached XP level 2. HP: 15/15 MP: 2/8
   276 | D:1      | Learned a level 2 spell: Scorch
   937 | D:2      | Reached XP level 3. HP: 19/19 MP: 6/10
  1032 | D:2      | Learned a level 3 spell: Inner Flame
  1136 | D:2      | Noticed Terence
  1142 | D:2      | Killed Terence
  1143 | D:2      | Reached skill level 4 in Spellcasting
  1143 | D:2      | Reached skill level 1 in Hexes
  1143 | D:2      | Reached XP level 4. HP: 24/24 MP: 4/12
  1249 | D:2      | Found a faded altar of an unknown god.
  1732 | D:2      | Noticed Robin
  1754 | D:2      | Killed Robin
  2526 | D:3      | Found Wuoviliati's Vocational Training.
  2637 | D:3      | Reached XP level 5. HP: 28/28 MP: 8/13
  2804 | D:3      | Identified the ring "Ojex" {Ice Str+3 Dex+2 Stlth+}
  3021 | D:3      | Noticed Ijyb
  3029 | D:3      | Killed Ijyb
  3377 | D:4      | Found a snail-covered altar of Cheibriados.
  3408 | D:4      | Reached skill level 5 in Spellcasting
  3433 | D:4      | Reached XP level 6. HP: 32/32 MP: 10/15
  3800 | D:4      | Reached skill level 5 in Fire Magic
  3930 | D:4      | Identified the +9 hammer "Dauteres" {heavy, Str+3}
  3938 | D:4      | Found a runed translucent door.
  3939 | D:4      | Noticed Crazy Yiuf
  3946 | D:4      | Killed Crazy Yiuf
  4361 | D:5      | Entered Level 5 of the Dungeon
  4438 | D:5      | Reached XP level 7. HP: 33/36 MP: 5/17
  4588 | D:5      | Noticed a wyvern
  4594 | D:5      | Killed a wyvern
  4595 | D:5      | Reached skill level 6 in Spellcasting
  4660 | D:5      | Reached skill level 1 in Armour
  4799 | D:5      | Found the +0 pair of fencer's gloves {Riposte Dex+3}
  4902 | D:5      | Reached skill level 5 in Conjurations
  5009 | D:5      | Reached XP level 8. HP: 41/41 MP: 17/20
  5212 | D:6      | Reached skill level 7 in Spellcasting
  5224 | D:5      | Mangled by an orc warrior

Illustrated notes

Levels and vault maps discovered:
D:1:      sevenhm_arrival_forest_fort_small_1, layout_loops_ring,
          serial_park_tiny_pond
D:2:      layout_basic, dreamdust_ecumenical_altar_grove,
          kennysheep_generic_room_5, uniq_robin, uniq_terence
D:3:      layout_basic, nicolae_kite_square_tiling_tiny,
          nicolae_shop_vocational, uniq_ijyb
D:4:      layout_loops_ring, mainiacjoe_overflow_boulevard,
          minmay_misc_feat_iff, uniq_crazy_yiuf_cottage
D:5:      layout_rooms, serial_bayou_lake_a
D:6:      layout_basic, nicolae_wu_jian_wuxing_cycle,
          mainiacjoe_overflow_brackets, nicolae_ru_path_of_blood,
          chequers_temple_overflow_minitemple, serial_shops,
          nicolae_shop_statue_plus, shop, gammafunk_ghost_abyssal_escape,
          grunt_ministairs_4, item_on_display_a

Skill      XL: |  1  2  3  4  5  6  7  8 |
---------------+-------------------------+-----
Conjurations   | 2 3 4 5 |  5.3
Spellcasting   | 4 5 6 7 |  7.0
Hexes          | 1 2 3 4 |  4.2
Fire Magic     | 4 5 6 |  6.2
Armour         | 1 2 |  2.0
Dodging        | |  2.4
Stealth        | |  2.4

Action                     |  1- 3 |  4- 6 |  7- 9 || total
---------------------------+-------+-------+-------++-------
  Melee: Dagger            |    18 |    23 |       ||    41
   Cast: Foxfire           |    32 |    58 |    31 ||   121
         Scorch            |     4 |    26 |    19 ||    49
    Use: Scroll            |     4 |     8 |     1 ||    13
         Potion            |       |       |     2 ||     2
   Stab: Sleeping          |     3 |     6 |       ||     9
 Armour: Robe              |     2 |     6 |       ||     8
  Dodge: Dodged            |    12 |    22 |    10 ||    44
Riposte: Dagger            |       |       |     1 ||     1
